 Dungeon Crawl Stone Soup version 0.30-a0-51-g784eafce7f (webtiles) character file.

Game seed: 12481614682696607835

2009 Murumi the Sneak (level 8, -1/65 (68) HPs)
             Began as a Demigod Hunter on Sept 6, 2022.
             Slain by a wight
             ... wielding a +4 battleaxe of freezing
              (15 damage)
             ... on level 6 of the Dungeon.
             The game lasted 00:18:44 (4851 turns).

Murumi the Sneak (Demigod Hunter)                   Turns: 4851, Time: 00:18:45

HP:   -1/65 (68)    AC:  7    Str: 12    XL:     8   Next: 71%
MP:   10/10         EV: 15    Int: 11    God:
Gold: 291           SH:  0    Dex: 25    Spells: 7/7 levels left

rFire   . . .      SeeInvis .    a - +1 shortbow
rCold   . . .      Faith    .    (shield currently unavailable)
rNeg    + . .      Spirit   .    c - +1 leather armour
rPois   .          Reflect  .    p - +2 helmet
rElec   .          Harm     .    (no cloak)
rCorr   .          Rampage  .    (no gloves)
Will    .....                    (no boots)
Stlth   ++++......               f - amulet of regeneration
HPRegen 1.00/turn                d - ring of positive energy
MPRegen 0.12/turn                n - ring of flight

@: flying, lightly drained
A: high MP 1, forlorn, divine attributes
a: no special abilities


You were on level 6 of the Dungeon.
You visited 1 branch of the dungeon, and saw 6 of its levels.

You collected 291 gold pieces.

Inventory:

Hand Weapons
 a - a +1 shortbow (weapon)
Armour
 c - a +1 leather armour (worn)
 p - a +2 helmet (worn)
Jewellery
 d - a ring of positive energy (left hand)
 f - an amulet of regeneration (around neck)
 n - a ring of flight (right hand)
 u - the ring "Zodecam" {Wiz +Blink rF+ Str+3 Stlth-}
   (You found it on level 6 of the Dungeon)

   [ring of wizardry]

   It improves your spell success rate.
   Str:       It affects your strength (+3).
   rF:        It protects you from fire.
   +Blink:    It lets you blink.
   Stlth:     It makes you less stealthy.
Wands
 m - a wand of quicksilver (24)
 o - a wand of digging (2)
 w - a wand of flame (16)
Scrolls
 b - a scroll of immolation
 e - a scroll of enchant weapon
 q - a scroll of enchant armour
 s - 3 scrolls of teleportation
Potions
 g - 2 potions of cancellation
 h - a potion of lignification
 i - 4 potions of curing
 j - 2 potions of magic
 k - 2 potions of resistance
 l - a potion of mutation
 r - a potion of might
 t - a potion of haste
 v - a potion of berserk rage


   Skills:
 - Level 5.0 Fighting
 - Level 5.0 Ranged Weapons
 - Level 5.0 Armour
 - Level 5.0 Dodging
 + Level 5.7 Stealth
 - Level 2.0 Evocations


You had 7 spell levels left.
You didn't know any spells.
Your spell library contained the following spells:

 Spells                   Type           Power      Damage    Failure   Level
 Freeze                   Ice            0%         1d3       41%         1
 Necrotise                Necr           0%         1d4       41%         1
 Slow                     Hex            0%         N/A       41%         1
 Call Canine Familiar     Summ           0%         N/A       80%         3
 Confusing Touch          Hex            0%         N/A       80%         3
 Frozen Ramparts          Ice            0%         1d1       80%         3
 Ignite Poison            Fire/Tmut/Pois 0%         N/A       80%         3
 Mephitic Cloud           Conj/Pois/Air  0%         N/A       80%         3
 Portal Projectile        Hex/Tloc       0%         N/A       80%         3
 Vampiric Draining        Necr           0%         2d6       80%         3
 Hailstorm                Conj/Ice       0%         3d3       99%         4
 Leda's Liquefaction      Hex/Erth       0%         N/A       99%         4
 Agony                    Necr           0%         N/A       100%        5
 Freezing Cloud           Conj/Ice/Air   0%         6-21      100%        5


Dungeon Overview and Level Annotations

Branches:
Dungeon (6/15)             Temple (0/1) D:5

Annotations:
D:5 Sigmund


Innate Abilities, Weirdness & Mutations

You have an increased reservoir of magic. (+10% MP)
You shall have no god before yourself.
Your divine heritage dramatically boosts your attributes as you level up.


Message History

The wight barely misses you.
Press: ? - help, v - describe, . - travel
Here: a wight, wielding a +4 battleaxe of freezing and wearing a +0 robe The floor.
You are too injured to fight recklessly!
Fire: a) +1 shortbow
Press: ? - help, Q - select action, (/) - cycle Shift-Dir - straight line, f - wight
Aim: a wight, wielding a +4 battleaxe of freezing and wearing a +0 robe (69% to hit)
You shoot an arrow.
The arrow hits the wight but does no damage.
The wight barely misses you.
Fire: a) +1 shortbow
Press: ? - help, Q - select action, (/) - cycle Shift-Dir - straight line, f/p - wight
Aim: a wight, wielding a +4 battleaxe of freezing and wearing a +0 robe (69% to hit)
You shoot an arrow. The arrow closely misses the wight.
The wight closely misses you.
Fire: a) +1 shortbow
Press: ? - help, Q - select action, (/) - cycle Shift-Dir - straight line, f/p - wight
Aim: a wight, wielding a +4 battleaxe of freezing and wearing a +0 robe (69% to hit)
You shoot an arrow. The arrow hits the wight.
The wight is moderately damaged.
The wight barely misses you.
Fire: a) +1 shortbow
Press: ? - help, Q - select action, (/) - cycle Shift-Dir - straight line, f/p - wight
Aim: a wight, wielding a +4 battleaxe of freezing and wearing a +0 robe (moderately damaged, 69% to hit)
You shoot an arrow.
The arrow hits the wight but does no damage.
The wight is moderately damaged.
The wight barely misses you.
The wight hits you with a +4 battleaxe of freezing!
* * * LOW HITPOINT WARNING * * *
The wight freezes you.
* * * LOW HITPOINT WARNING * * *
Fire: a) +1 shortbow
Press: ? - help, Q - select action, (/) - cycle Shift-Dir - straight line, f/p - wight
Aim: a wight, wielding a +4 battleaxe of freezing and wearing a +0 robe (moderately damaged, 69% to hit)
You shoot an arrow. The arrow hits the wight!
The wight is severely damaged.
The wight hits you with a +4 battleaxe of freezing!
You die...

#.......#...#.....#....#.....#
#.......#...#.....#....#.....#
#.......#...#.....#....#.....#
#.......#...#.....#....'.....#
#.......'...#.....#....#.....#
'.......#####.....#....#.....#
#.......#...#|....'....#.....#
.)......#...#...z)###+###....#
>########...#...@.#...###....####
.#.....'....#.....#...#........#.
.'.....##'###.....'...#........#.
.#.....#..........#...#........'.
##.....#.......<..#'#############
#......#.....................
######'#.....................
#............................
#......)#'###................


You could see a wight.

Vanquished Creatures
  Prince Ribbit (D:5)
  A yak (D:6)
  A steam dragon (D:6)
  Menkaure (D:5)
  A water moccasin (D:5)
  2 sky beasts (D:6)
  2 black bears (D:4)
  4 ogres
  A phantom (D:5)
  A necrophage (D:6)
  2 wights (D:6)
  A howler monkey (D:4)
  An orc priest (D:3)
  A jelly (D:6)
  An iguana (D:5)
  3 orc wizards
  10 adders
  A worm (D:3)
  4 dart slugs
  20 orcs
  9 endoplasms
  4 giant cockroaches
  8 goblins
  4 hobgoblins
  2 jackals (D:4)
  5 quokkas
  7 ball pythons
  10 bats
  4 frilled lizards
  4 kobolds
  7 rats
123 creatures vanquished.

Notes
Turn   | Place    | Note
-------+----------+-------------------------------------------
     0 | D:1      | Murumi the Demigod Hunter began the quest for the Orb.
     0 | D:1      | Reached XP level 1. HP: 17/17 MP: 3/3
    49 | D:1      | Reached skill level 1 in Stealth
   178 | D:1      | Reached XP level 2. HP: 21/24 MP: 4/4
   731 | D:2      | Reached skill level 1 in Armour
   939 | D:2      | Reached XP level 3. HP: 29/29 MP: 5/5
  1305 | D:3      | Reached XP level 4. HP: 11/36 MP: 6/6
  2064 | D:4      | Reached skill level 1 in Evocations
  2064 | D:4      | Reached XP level 5. HP: 38/42 MP: 7/7
  2174 | D:4      | Noticed an ogre
  2179 | D:4      | Killed an ogre
  2409 | D:4      | Reached XP level 6. HP: 50/51 MP: 8/8
  3048 | D:5      | Entered Level 5 of the Dungeon
  3048 | D:5      | Noticed Prince Ribbit
  3104 | D:5      | Killed Prince Ribbit
  3105 | D:5      | Reached XP level 7. HP: 44/59 MP: 9/9
  3172 | D:5      | Noticed Menkaure
  3181 | D:5      | Killed Menkaure
  3386 | D:5      | Noticed Sigmund
  3574 | D:5      | Found a staircase to the Ecumenical Temple.
  4052 | D:6      | Reached skill level 5 in Ranged Weapons
  4206 | D:6      | Noticed a steam dragon
  4232 | D:6      | Killed a steam dragon
  4233 | D:6      | Reached XP level 8. HP: 24/66 MP: 10/10
  4315 | D:6      | Reached skill level 5 in Stealth
  4340 | D:6      | Reached skill level 5 in Fighting
  4435 | D:5      | Reached skill level 5 in Armour
  4649 | D:6      | Identified the ring "Zodecam" {Wiz +Blink rF+ Str+3 Stlth-}
  4674 | D:6      | Reached skill level 5 in Dodging
  4851 | D:6      | Slain by a wight

Illustrated notes

Levels and vault maps discovered:
D:1:      scummos_arrival_checkerplants, layout_basic,
          shapermc_ecumenical_altar_venn
D:2:      layout_rooms
D:3:      minmay_razor_zed, layout_basic
D:4:      layout_cave_pods, kennysheep_cross_room,
          corexii_item_surrounded_by_moat
D:5:      layout_basic, mainiacjoe_overflow_concentric_impassable,
          nicolae_ru_sacrificial_ziggurat, minmay_temple_entry_ruins,
          uniq_menkaure, uniq_prince_ribbit1, uniq_sigmund
D:6:      minmay_evil_eye, layout_gridville, lemuel_coloured_pillars_altar,
          minmay_misc_feat_encased

Skill      XL: |  1  2  3  4  5  6  7  8 |
---------------+-------------------------+-----
Stealth        | 1 2 3 4 5 |  5.7
Fighting       | 2 3 4 5 |  5.0
Dodging        | 2 3 4 5 |  5.0
Ranged Weapons | 4 5 |  5.0
Armour         | 1 2 3 4 5 |  5.0
Evocations     | 1 2 |  2.0

Action                   |  1- 3 |  4- 6 |  7- 9 || total
-------------------------+-------+-------+-------++-------
 Fire: Shortbow          |   116 |   179 |   198 ||   493
Evoke: Wand              |       |       |     2 ||     2
  Use: Scroll            |     4 |     7 |     5 ||    16
       Potion            |       |       |     2 ||     2
Armor: Leather armour    |    31 |    23 |    32 ||    86
       Skin              |       |       |    23 ||    23
Dodge: Dodged            |    44 |    69 |    95 ||   208

Table legend: (Time is in decaauts)
 A = Elapsed time spent in this place.
 B = Non-inter-level travel time spent in this place.
 C = Inter-level travel time spent in this place.
 D = Time resting spent in this place.
 E = Time spent auto-exploring this place.
 F = Levels seen in this place.
 G = Mean time per level.
                   A        B        C        D        E       F      G
               +--------+--------+--------+--------+--------+-----+--------+
         Total |   5013 |   4582 |    431 |      0 |   3581 |   6 |  835.5 |
       Dungeon |   5013 |   4582 |    431 |      0 |   3581 |   6 |  835.5 |
               +--------+--------+--------+--------+--------+-----+--------+

Top non-repeatable levels by time:
     D:4: 1071 daAuts
     D:5: 918 daAuts
     D:3: 911 daAuts
     D:6: 801 daAuts
     D:1: 749 daAuts
     D:2: 562 daAuts
